 Dungeon Crawl Stone Soup version 0.19.4-12-gccf7e64 (webtiles) character file.

133 Magnus the Gusty (level 5, 0/28 HPs)
             Began as a Tengu Air Elementalist on Feb 26, 2017.
             Succumbed to a scorpion's poison
             ... on level 2 of the Dungeon.
             The game lasted 00:06:44 (2390 turns).

Magnus the Gusty (Tengu Air Elementalist)           Turns: 2390, Time: 00:06:45

Health: 0/28       AC:  3    Str:  8    XL:     5   Next: 16%
Magic:  5/10       EV: 13    Int: 21    God:
Gold:   121        SH:  0    Dex: 15    Spells: 3 memorised, 5 levels left

rFire  . . .     SeeInvis .     (no weapon)
rCold  . . .     Gourm    .     a - +0 robe
rNeg   . . .     Faith    .     (no shield)
rPois  .         Spirit   .     (helmet restricted)
rElec  .         Reflect  .     (no cloak)
rCorr  .         Harm     .     l - +0 pair of gloves (curse)
MR     .....                    (boots unavailable)
Stlth  ++........               (no amulet)
                                (no ring)
                                (no ring)

@: brilliant, lethally poisoned (0 -> -11)
A: beak, talons 3, able to fly 1
a: Fly


You were on level 2 of the Dungeon.
You were very hungry.

You visited 1 branch of the dungeon, and saw 3 of its levels.

You collected 121 gold pieces.

Inventory:

Armour
 a - a +0 robe (worn)
 l - a cursed +0 pair of gloves (worn)
Jewellery
 d - an uncursed ring of fire {unknown}
 n - a cursed ring of loudness {unknown}
 p - a +3 ring of evasion {unknown}
Scrolls
 e - 4 scrolls of enchant weapon
 j - 3 scrolls of identify {unknown}
 k - a scroll of enchant armour {unknown}
 o - 4 scrolls of remove curse {unknown}
 q - a scroll of recharging {unknown}
 r - 2 scrolls of amnesia {unknown}
 t - a scroll of magic mapping {unknown}
 u - a scroll of blinking {unknown}
Books
 b - a book of Air

   Spells                             Type                      Level
   a - Shock                          Conjuration/Air              1
   b - Swiftness                      Charms/Air                   2
   c - Repel Missiles                 Charms/Air                   2
   d - Static Discharge               Conjuration/Air              3
   e - Lightning Bolt                 Conjuration/Air              5
Comestibles
 c - 2 bread rations
 f - 2 meat rations
 g - 2 beef jerkies


   Skills:
 - Level 2.1 Dodging
 - Level 2.0 Stealth
 + Level 3.1 Spellcasting
 + Level 3.8 Conjurations
 + Level 5.3 Air Magic


You had 5 spell levels left.
You knew the following spells:

 Your Spells              Type           Power        Failure   Level  Hunger
a - Shock                 Conj/Air       ####         1%          1    None
b - Repel Missiles        Chrm/Air       ####..       1%          2    ##.....
c - Swiftness             Chrm/Air       ####....     1%          2    ##.....


Dungeon Overview and Level Annotations

Branches:
Dungeon (3/15)

Altars:


Innate Abilities, Weirdness & Mutations

You have a beak for a mouth.
You have claws for feet.
You can fly.


Message History

Aiming: Shock
Press: ? - help, Shift-Dir - straight line, f/p - scorpion
Aim: a scorpion (heavily wounded)
The zap hits the scorpion.
The scorpion is severely wounded.
* * * LOW HITPOINT WARNING * * *
You feel sick.
The scorpion stings you but does no damage.
Unknown command.
Casting: Shock
Confirm with . or Enter, or press ? or * to list all spells.
Aiming: Shock
Press: ? - help, Shift-Dir - straight line, f/p - scorpion
Aim: a scorpion (severely wounded)
The zap hits the scorpion.
You kill the scorpion!
Your Spellcasting skill increases to level 3!
You have reached level 5!
You have gained the ability to fly.
You die...

###.......# ## ..........#######
#. ....########....# #.
....#.....##..<.# #.
................# #.
....#.....##....# #.
....#.....##....## #.
....#.....##.....# #.
#####.....######@## #.
#..............#..### #.
...................># #.
...######......##...# #. ...#
#......###..# #.
...######...........############.
.................#.[...........#.
...#############.#...#########.#.
...#........<..#.#...#.......#.#.


There were no monsters in sight!

Vanquished Creatures
  A scorpion (D:2)
  A gnoll (D:2)
  3 adders (D:2)
  A worm (D:2)
  4 dart slugs
  A leopard gecko (D:1)
  2 bats (D:1)
  A giant cockroach (D:2)
  9 goblins
  3 hobgoblins
  2 jackals (D:2)
  A quokka (D:2)
  A kobold (D:2)
  5 rats
35 creatures vanquished.

Notes
Turn   | Place    | Note
-------+----------+-------------------------------------------
     0 | D:1      | Magnus the Tengu Air Elementalist began the quest for the Orb.
     0 | D:1      | Reached XP level 1. HP: 10/10 MP: 4/4
   152 | D:1      | Reached XP level 2. HP: 15/15 MP: 1/6
   777 | D:2      | Reached XP level 3. HP: 19/19 MP: 1/7
  1805 | D:2      | Reached XP level 4. HP: 24/24 MP: 6/9
  1947 | D:3      | Learned a level 2 spell: Repel Missiles
  1950 | D:3      | Learned a level 2 spell: Swiftness
  2002 | D:3      | Reached skill level 5 in Air Magic
  2389 | D:2      | HP: 1/24 [poisoned by a scorpion]
  2390 | D:2      | Gained mutation: You can fly. [Tengu growth]
  2390 | D:2      | Reached XP level 5. HP: 1/28 MP: 5/10
  2390 | D:2      | Succumbed to a scorpion's poison

Skill      XL: |  1  2  3  4 |
---------------+-------------+-----
Conjurations   | 2 3 |  3.8
Air Magic      | 5 |  5.3
Spellcasting   | 3 |  3.1
Dodging        | |  2.1
Stealth        | |  2.0

Action                   |  1- 3 |  4- 6 || total
-------------------------+-------+-------++-------
 Cast: Shock             |    59 |    31 ||    90
       Swiftness         |       |     1 ||     1
  Use: Potion            |       |     4 ||     4
       Scroll            |       |     2 ||     2
  Eat: Chunk             |     3 |     1 ||     4
Armor: Robe              |     2 |     2 ||     4
Dodge: Dodged            |     5 |    14 ||    19
